PCL
HOUSTON HAMMERTIME @ MEXICO CITY CERVECEROS
09/21/2023
 
TOP OF THE 1ST
Houston Hammertime batting - Pitching for Mexico City Cerveceros : RHP Ángelo Gusmán
Pitching: RHP Ángelo Gusmán
Batting: RHB John Pick 0-0: Ball
1-0: SINGLE (Line Drive, 89S)
Batting: RHB Robert Powell 0-0: Ball
John Pick steals 2nd base
1-0: Ball
2-0: Ball
3-0: Called Strike
3-1: Called Strike
3-2: Strikes out swinging
Batting: LHB Jerry Ritchie 0-0: Swinging Strike
0-1: Ball
1-1: Ball
2-1: Swinging Strike
2-2: Ball
3-2: Base on Balls
Batting: SHB Cristo Ontiveros Pickoff Throw to Second - Error! E1
John Pick to third
Jerry Ritchie to second
0-0: Called Strike
0-1: Ball
1-1: Ball
2-1: Ball
3-1: Base on Balls
Batting: RHB Mario Beltrán 0-0: Ball
1-0: Ball
2-0: Called Strike
2-1: Called Strike
2-2: SINGLE (Groundball, 34D)
John Pick scores
Jerry Ritchie to third
Cristo Ontiveros to second
Runner from 3rd tries for Home, SAFE, throw made home
Batting: LHB Fernando Camacho 0-0: Ball
1-0: Ball
2-0: Swinging Strike
2-1: Swinging Strike
2-2: Ball
3-2: Foul Ball, location: 2F
3-2: Strikes out swinging
Batting: RHB Santo Cruz 0-0: Ball
1-0: Foul Ball, location: 2F
1-1: Fielders Choice at 2nd, U6 (Groundball, 6M)
Top of the 1st over - 2 run(s), 2 hit(s), 1 error(s), 2 left on base; Houston 2 - Mexico City 0
BOTTOM OF THE 1ST
Mexico City Cerveceros batting - Pitching for Houston Hammertime : LHP Esteban Baca
Pitching: LHP Esteban Baca
Batting: LHB Chad Weaver 0-0: Called Strike
0-1: Ball
1-1: SINGLE (Groundball, 34D)
Batting: RHB Robert Johnson 0-0: Ball
1-0: Called Strike
1-1: Ball
2-1: Foul Ball, location: 2F
2-2: Ball
3-2: Foul Ball, location: 2F
3-2: Strikes out swinging
Batting: RHB Dave Morgan 0-0: Ball
1-0: Foul Ball, location: 2F
1-1: Ground out 2-3 (Groundball, 25)
Chad Weaver to second
Batting: RHB Rafael Rincón 0-0: Called Strike
0-1: Ball
1-1: Foul Ball, location: 2F
1-2: Strikes out looking
Bottom of the 1st over - 0 run(s), 1 hit(s), 0 error(s), 1 left on base; Houston 2 - Mexico City 0
TOP OF THE 2ND
Houston Hammertime batting - Pitching for Mexico City Cerveceros : RHP Ángelo Gusmán
Batting: LHB Felipe Cruz 0-0: Ball
1-0: Called Strike
1-1: Ball
2-1: Ball
3-1: SINGLE (Groundball, 13) (infield hit)
Batting: RHB Luis Barzaga 0-0: Foul Ball, location: 2F
0-1: Called Strike
0-2: Ball
1-2: Ball
2-2: Foul Ball, location: 2F
2-2: Foul Ball, location: 2F
2-2: Foul Ball, location: 2F
2-2: Ball
3-2: Strikes out looking
Batting: RHB John Pick 0-0: Called Strike
0-1: Foul Ball, location: 2F
0-2: Strikes out swinging
Batting: RHB Robert Powell 0-0: Swinging Strike
0-1: Called Strike
0-2: Ball
1-2: Ball
2-2: Foul Ball, location: 2F
2-2: Strikes out swinging
Top of the 2nd over - 0 run(s), 1 hit(s), 0 error(s), 1 left on base; Houston 2 - Mexico City 0
BOTTOM OF THE 2ND
Mexico City Cerveceros batting - Pitching for Houston Hammertime : LHP Esteban Baca
Batting: LHB Eduardo Gómez 0-0: Ball
1-0: Ball
2-0: Ground out 4-3 (Groundball, 4)
Batting: RHB Reynold Akker 0-0: Swinging Strike
0-1: Foul Ball, location: 2F
0-2: Ball
1-2: Strikes out swinging
Batting: LHB Brandon Cummings 0-0: Ball
1-0: Called Strike
1-1: Foul Ball, location: 2F
1-2: Fly out, F1 (Line Drive, 13)
Bottom of the 2nd over - 0 run(s), 0 hit(s), 0 error(s), 0 left on base; Houston 2 - Mexico City 0
TOP OF THE 3RD
Houston Hammertime batting - Pitching for Mexico City Cerveceros : RHP Ángelo Gusmán
Batting: LHB Jerry Ritchie 0-0: Called Strike
0-1: Foul Ball, location: 2F
0-2: Foul Ball, location: 2F
0-2: Strikes out looking
Batting: SHB Cristo Ontiveros 0-0: Ground out 3-1 (Groundball, 34S)
Batting: RHB Mario Beltrán 0-0: Called Strike
0-1: Ball
1-1: Ball
2-1: Fly out, F4 (Popup, 4)
Top of the 3rd over - 0 run(s), 0 hit(s), 0 error(s), 0 left on base; Houston 2 - Mexico City 0
BOTTOM OF THE 3RD
Mexico City Cerveceros batting - Pitching for Houston Hammertime : LHP Esteban Baca
Batting: RHB Iván Gonzáles 0-0: Swinging Strike
0-1: Ball
1-1: Foul Ball, location: 2F
1-2: Strikes out swinging
Batting: RHB Roberto Zamora 0-0: Ground out 5-3 (Groundball, 5)
Batting: LHB Chad Weaver 0-0: Called Strike
0-1: Foul Ball, location: 2F
0-2: SINGLE (Line Drive, 34)
Batting: RHB Robert Johnson 0-0: Ball
1-0: Ball
2-0: Fielders Choice at 2nd, 5-4 (Groundball, 56)
Bottom of the 3rd over - 0 run(s), 1 hit(s), 0 error(s), 0 left on base; Houston 2 - Mexico City 0
TOP OF THE 4TH
Houston Hammertime batting - Pitching for Mexico City Cerveceros : RHP Ángelo Gusmán
Batting: LHB Fernando Camacho 0-0: Swinging Strike
0-1: Ball
1-1: Called Strike
1-2: Ball
2-2: Foul Ball, location: 2F
2-2: Ball
3-2: Foul Ball, location: 2F
3-2: Ground out 6-3 (Groundball, 6)
Batting: RHB Santo Cruz 0-0: Ball
1-0: Ball
2-0: Ball
3-0: Foul Ball, location: 2F
3-1: Swinging Strike
3-2: Foul Ball, location: 2F
3-2: Base on Balls
Batting: LHB Felipe Cruz 0-0: Ball
1-0: Called Strike
1-1: Ball
2-1: Ball
3-1: Base on Balls
Santo Cruz to second
Batting: RHB Luis Barzaga 0-0: Ball
1-0: Called Strike
1-1: Swinging Strike
1-2: Ball
2-2: Fielders Choice at 2nd, 6-4 (Groundball, 6)
Santo Cruz to third
Batting: RHB John Pick 0-0: Ball
1-0: Ball
2-0: Foul Ball, location: 2F
2-1: Foul Ball, location: 2F
2-2: Fly out, F8 (Flyball, 8LS)
Top of the 4th over - 0 run(s), 0 hit(s), 0 error(s), 2 left on base; Houston 2 - Mexico City 0
BOTTOM OF THE 4TH
Mexico City Cerveceros batting - Pitching for Houston Hammertime : LHP Esteban Baca
Batting: RHB Dave Morgan 0-0: Ball
1-0: Foul Ball, location: 2F
1-1: Foul Ball, location: 2F
1-2: Ball
2-2: Foul Ball, location: 2F
2-2: Foul Ball, location: 2F
2-2: Ball
3-2: Fly out, F7 (Flyball, 7M)
Batting: RHB Rafael Rincón 0-0: Called Strike
0-1: Swinging Strike
0-2: Strikes out looking
Batting: LHB Eduardo Gómez 0-0: Ball
1-0: Called Strike
1-1: Ground out 4-3 (Groundball, 4)
Bottom of the 4th over - 0 run(s), 0 hit(s), 0 error(s), 0 left on base; Houston 2 - Mexico City 0
TOP OF THE 5TH
Houston Hammertime batting - Pitching for Mexico City Cerveceros : RHP Ángelo Gusmán
Pitching: RHP David Sheppard
Batting: RHB Robert Powell 0-0: Ball
1-0: Ball
2-0: Ball
3-0: Base on Balls
Batting: LHB Jerry Ritchie 0-0: Foul Ball, location: 2F
0-1: Ball
1-1: SINGLE (Groundball, 4MD)
Robert Powell to second
Batting: SHB Cristo Ontiveros 0-0: Ball
1-0: Fielders Choice at 2nd, 1-6 (Groundball, 15S)
Robert Powell to third
Batting: RHB Mario Beltrán 0-0: Called Strike
0-1: Ball
1-1: Called Strike
1-2: Foul Ball, location: 2F
1-2: Ball
2-2: Foul Ball, location: 2F
2-2: Foul Ball, location: 2F
2-2: Strikes out swinging
Batting: LHB Fernando Camacho 0-0: Called Strike
0-1: Foul Ball, location: 2F
0-2: Ball
1-2: Ball
2-2: Fly out, F8 (Flyball, 8RXD)
Top of the 5th over - 0 run(s), 1 hit(s), 0 error(s), 2 left on base; Houston 2 - Mexico City 0
BOTTOM OF THE 5TH
Mexico City Cerveceros batting - Pitching for Houston Hammertime : LHP Esteban Baca
Batting: RHB Reynold Akker 0-0: Called Strike
0-1: Ball
1-1: Ball
2-1: Ball
3-1: Foul Ball, location: 2F
3-2: Base on Balls
Batting: LHB Brandon Cummings 0-0: Called Strike
0-1: Ball
1-1: Hit by Pitch
Reynold Akker to second
Batting: RHB Iván Gonzáles 0-0: Called Strike
0-1: Ball
1-1: Ball
2-1: Ball
3-1: Base on Balls
Reynold Akker to third
Brandon Cummings to second
Batting: RHB Roberto Zamora 0-0: Ball
1-0: Ball
2-0: Ball
3-0: Base on Balls
Reynold Akker scores
Brandon Cummings to third
Iván Gonzáles to second
Batting: LHB Chad Weaver 0-0: Foul Ball, location: 2F
0-1: Ball
1-1: Foul Ball, location: 2F
1-2: Foul Ball, location: 2F
1-2: Strikes out swinging
Batting: RHB Robert Johnson 0-0: Ball
1-0: Grounds into double play, U4-3 (Groundball, 4)
Bottom of the 5th over - 1 run(s), 0 hit(s), 0 error(s), 2 left on base; Houston 2 - Mexico City 1
TOP OF THE 6TH
Houston Hammertime batting - Pitching for Mexico City Cerveceros : RHP David Sheppard
Batting: RHB Santo Cruz 0-0: Fly out, F9 (Flyball, 9M)
Batting: LHB Felipe Cruz 0-0: Ball
1-0: Swinging Strike
1-1: Swinging Strike
1-2: Strikes out swinging, 2-3 out at first.
Batting: RHB Luis Barzaga 0-0: Foul Ball, location: 2F
0-1: Fly out, F7 (Flyball, 7M)
Top of the 6th over - 0 run(s), 0 hit(s), 0 error(s), 0 left on base; Houston 2 - Mexico City 1
BOTTOM OF THE 6TH
Mexico City Cerveceros batting - Pitching for Houston Hammertime : LHP Esteban Baca
Batting: RHB Dave Morgan 0-0: Ball
1-0: Ball
2-0: Foul Ball, location: 2F
2-1: Ball
3-1: Base on Balls
Batting: RHB Rafael Rincón 0-0: Ball
1-0: Called Strike
1-1: Ball
2-1: Ball
3-1: Foul Ball, location: 2F
3-2: Reached on error, E6 (Groundball, 56)
Dave Morgan to second
Batting: LHB Eduardo Gómez 0-0: Ball
1-0: Ball
2-0: Grounds into double play, 3-6-3 (Groundball, 3)
Dave Morgan to third
Batting: RHB Reynold Akker 0-0: Called Strike
0-1: Ball
1-1: 2-RUN HOME RUN (Flyball, 7D), Distance : 354 ft
Batting: LHB Brandon Cummings 0-0: Called Strike
0-1: SINGLE (Line Drive, 34D)
Batting: RHB Iván Gonzáles 0-0: Ball
1-0: Reached on error, E5 (Groundball, 5)
Brandon Cummings to second
Batting: RHB Roberto Zamora 0-0: Swinging Strike
0-1: Ball
1-1: Foul Ball, location: 2F
1-2: Reached on error, E6 (Groundball, 6)
Brandon Cummings to third
Iván Gonzáles to second
Pitching: RHP León Gómez
Batting: LHB Chad Weaver 0-0: Fly out, F6 (Popup, 5DF)
Bottom of the 6th over - 2 run(s), 2 hit(s), 3 error(s), 3 left on base; Houston 2 - Mexico City 3
TOP OF THE 7TH
Houston Hammertime batting - Pitching for Mexico City Cerveceros : RHP David Sheppard
Pitching: RHP Jonathan Long
Batting: RHB John Pick 0-0: Foul Ball, location: 2F
0-1: Ball
1-1: Ball
2-1: Foul Ball, location: 2F
2-2: Strikes out swinging
Batting: RHB Robert Powell 0-0: Swinging Strike
0-1: Ball
1-1: Called Strike
1-2: Ground out 5-3 (Groundball, 56)
Batting: LHB Jerry Ritchie 0-0: Ball
1-0: Called Strike
1-1: Ground out 5-3 (Groundball, 56)
Top of the 7th over - 0 run(s), 0 hit(s), 0 error(s), 0 left on base; Houston 2 - Mexico City 3
BOTTOM OF THE 7TH
Mexico City Cerveceros batting - Pitching for Houston Hammertime : RHP León Gómez
Batting: RHB Robert Johnson 0-0: Called Strike
0-1: Ball
1-1: Swinging Strike
1-2: Ball
2-2: Strikes out swinging
Batting: RHB Dave Morgan 0-0: Called Strike
0-1: Ball
1-1: Ball
2-1: Foul Ball, location: 2F
2-2: Ball
3-2: SINGLE (Groundball, 4MD)
Batting: RHB Rafael Rincón 0-0: Ball
1-0: Swinging Strike
1-1: Ball
2-1: Foul Ball, location: 2F
2-2: Ball
3-2: Base on Balls
Dave Morgan to second
Batting: LHB Eduardo Gómez 0-0: Ball
1-0: Called Strike
1-1: Called Strike
1-2: Strikes out swinging
Batting: RHB Reynold Akker 0-0: Called Strike
0-1: Called Strike
0-2: Foul Ball, location: 2F
0-2: Strikes out swinging
Bottom of the 7th over - 0 run(s), 1 hit(s), 0 error(s), 2 left on base; Houston 2 - Mexico City 3
TOP OF THE 8TH
Houston Hammertime batting - Pitching for Mexico City Cerveceros : RHP Jonathan Long
Pitching: RHP Jared Cameron
Batting: SHB Cristo Ontiveros 0-0: Ball
1-0: Foul Ball, location: 2F
1-1: Ball
2-1: Swinging Strike
2-2: Strikes out swinging
Batting: RHB Mario Beltrán 0-0: Called Strike
0-1: Ball
1-1: Ground out 5-3 (Groundball, 56S)
Batting: LHB Fernando Camacho 0-0: Ball
1-0: SINGLE (Flyball, 9S)
Batting: RHB Santo Cruz 0-0: Ball
1-0: SINGLE (Flyball, 7LS)
Fernando Camacho to second
Batting: LHB Felipe Cruz 0-0: Called Strike
0-1: Ball
1-1: Ball
2-1: Ball
3-1: Base on Balls
Fernando Camacho to third
Santo Cruz to second
Batting: RHB Luis Barzaga 0-0: Ball
1-0: Swinging Strike
1-1: Foul Ball, location: 2F
1-2: Foul Ball, location: 2F
1-2: Foul Ball, location: 2F
1-2: Foul Ball, location: 2F
1-2: Strikes out looking
Top of the 8th over - 0 run(s), 2 hit(s), 0 error(s), 3 left on base; Houston 2 - Mexico City 3
BOTTOM OF THE 8TH
Mexico City Cerveceros batting - Pitching for Houston Hammertime : RHP León Gómez
Batting: LHB Brandon Cummings 0-0: Ball
1-0: Ball
2-0: SINGLE (Groundball, 5D)
Batting: RHB Iván Gonzáles 0-0: Ball
1-0: Bunted foul
1-1: Bunted foul
1-2: Strikes out swinging
Pinch Hitting: RHB Pablo Trujillo 0-0: Called Strike
0-1: Swinging Strike
0-2: Ball
1-2: Foul Ball, location: 2F
1-2: Strikes out looking
Batting: LHB Chad Weaver 0-0: Ball
1-0: Ball
Wild Pitch!
Brandon Cummings to second
2-0: Ball
3-0: Called Strike
3-1: Foul Ball, location: 2F
3-2: Foul Ball, location: 2F
3-2: Base on Balls
Pitching: RHP Ramiro Rivera
Batting: RHB Robert Johnson 0-0: Ball
1-0: Foul Ball, location: 2F
1-1: Ball
2-1: Ball
3-1: Foul Ball, location: 2F
3-2: Ground out 2-3 (Groundball, 23)
Bottom of the 8th over - 0 run(s), 1 hit(s), 0 error(s), 2 left on base; Houston 2 - Mexico City 3
TOP OF THE 9TH
Houston Hammertime batting - Pitching for Mexico City Cerveceros : RHP Jared Cameron
Pitching: RHP Howard Joyce
Now at SS: Ricardo Márquez
Now in CF: Jesús Núñez
Batting: RHB John Pick 0-0: Ball
1-0: Ball
2-0: Called Strike
2-1: Fly out, F6 (Popup, 6S)
Batting: RHB Robert Powell 0-0: Ball
1-0: Called Strike
1-1: Ball
2-1: Swinging Strike
2-2: Foul Ball, location: 2F
2-2: Strikes out swinging
Batting: LHB Jerry Ritchie 0-0: Called Strike
0-1: Ball
1-1: Ball
2-1: Ground out 6-3 (Groundball, 6M)
Top of the 9th over - 0 run(s), 0 hit(s), 0 error(s), 0 left on base; Houston 2 - Mexico City 3
This league is powered by Out of the Park Baseball, the baseball management simulation game for PC, Mac and Linux
Wednesday, December 2nd, 2015 - OOTP Baseball 16.8 Build 38